 Dungeon Crawl Stone Soup version 0.31-a0-1236-gaa9e43cceb (webtiles) character file.

Game seed: 6752200763787737577

437 Ivernyr the Shield-Bearer (level 7, 0/54 (55) HPs)
             Began as a Formicid Fighter on Dec 15, 2023.
             Was a Follower of Wu Jian.
             Succumbed to Crazy Yiuf's poison
             ... on level 5 of the Dungeon.
             The game lasted 00:10:47 (4492 turns).

Ivernyr the Shield-Bearer (Formicid Fighter)        Turns: 4492, Time: 00:10:47

HP:   0/54 (55)     AC:  7    Str: 23    XL:     7   Next: 21%
MP:   7/7           EV:  9    Int:  7    God:    Wu Jian [*.....]
Gold: 153           SH:  5    Dex: 13    Spells: 6/6 levels left

rFire   . . .        a - +0 quarterstaff
rCold   . . .        c - +0 buckler
rNeg    . . .        b - +0 scale mail
rPois   .            (helmet unavailable)
rElec   .            (no cloak)
rCorr   .            (no gloves)
SInv    +            (no boots)
Will    .....        (no amulet) Stlth
                     (no ring)
HPRegen 0.29/turn    (no ring)
MPRegen 0.10/turn

%: no passive effects
@: lethally poisoned (0 -> -14), lightly drained
A: permanent stasis, dig shafts and tunnels, antennae 3, four strong arms
a: Dig, Shaft Self, Renounce Religion


You were on level 5 of the Dungeon.
You worshipped Wu Jian.
Wu Jian was aware of your devotion.
You visited 1 branch of the dungeon, and saw 6 of its levels.

You collected 153 gold pieces.

Inventory:

Hand Weapons
 a - a +0 quarterstaff (weapon)
Armour
 b - a +0 scale mail (worn)
 c - a +0 buckler (worn)
Jewellery
 i - a ring of flight
Wands
 k - a wand of light (3)
Scrolls
 e - a scroll of identify
 g - a scroll of fear
 q - 3 scrolls of teleportation
 u - a scroll of enchant weapon
Potions
 d - a potion of might
 f - a potion of degeneration {unknown}
 h - a potion of berserk rage
 j - a potion of brilliance {unknown}
 m - 3 potions of mutation {unknown}
 o - a potion of lignification {unknown}
 p - 2 potions of curing {unknown}
 s - a potion of enlightenment {unknown}
 t - 2 potions of haste {unknown}
 v - a potion of invisibility {unknown}


   Skills:
 + Level 4.8 Fighting
 * Level 4.8 Staves
 + Level 4.7 Armour
 + Level 5.6 Shields


You had 6 spell levels left.
You didn't know any spells.
Your spell library contained the following spells:

 Spells                   Type           Power      Damage    Failure   Level
 Ensorcelled Hibernation  Hex/Ice        0%         N/A       90%         2
 Passwall                 Tmut/Erth      0%         N/A       90%         2
 Ozocubu's Armour         Ice            0%         N/A       99%         3
 Ozocubu's Refrigeration  Ice            0%         4d7       100%        7
 Swiftness                Air            Unusable   N/A       N/A         3

Dungeon Overview and Level Annotations

Branches:
Dungeon (6/15)
 Temple: D:4-7

Altars:
Ashenzari
Hepliaklqana
Kikubaaqudgha
Uskayaw
Wu Jian
Xom
The Shining One


Innate Abilities, Weirdness & Mutations

You cannot be hasted, slowed, berserked, paralysed or teleported.
You can dig through walls and to a lower floor.
You have a pair of large antennae on your head. (SInv)
Your four strong arms can wield two-handed weapons with a shield.


Message History

Found a hammer.
Found a runed translucent door.
Crazy Yiuf shouts!
You open the door. You closely miss Crazy Yiuf.
Crazy Yiuf hits you with a +3 quarterstaff of chaos.
You hit Crazy Yiuf but do no damage.
Crazy Yiuf hits you with a +3 quarterstaff of chaos!
Crazy Yiuf burns you.
You sock Crazy Yiuf!
Crazy Yiuf is heavily wounded.
You block Crazy Yiuf's attack.
Crazy Yiuf hits you with a +3 quarterstaff of chaos!
You feel drained.
You hit Crazy Yiuf.
Crazy Yiuf is severely wounded.
You block Crazy Yiuf's attack.
You hit Crazy Yiuf.
Crazy Yiuf is severely wounded.
Crazy Yiuf hits you with a +3 quarterstaff of chaos!
* * * LOW HITPOINT WARNING * * *
You are poisoned.
You barely miss Crazy Yiuf.
Crazy Yiuf is severely wounded.
You feel very sick.
Crazy Yiuf hits you with a +3 quarterstaff of chaos.
* * * LOW HITPOINT WARNING * * *
Crazy Yiuf burns you.
* * * LOW HITPOINT WARNING * * *
Okay, then.
You hit Crazy Yiuf but do no damage.
Crazy Yiuf is severely wounded.
* * * LOW HITPOINT WARNING * * *
You feel sick.
Crazy Yiuf hits you with a +3 quarterstaff of chaos.
* * * LOW HITPOINT WARNING * * *
You are more poisoned.
You sock Crazy Yiuf!
You kill Crazy Yiuf!
The Council accepts your kill.
You die...

##.## #.###
####...###.#
#..)..#.##.#
#.########## ##### #.#
....# #.##♣♣♣♣♣
###.###.....♣.♣♣♣ ###
.............♣..♣#...#
..#.##......♣♣♣♣@)...#
....###....♣♣ ♣♣#..)#
##### ####♣♣ ###


There were no monsters in sight!

Vanquished Creatures
  A howler monkey (D:5)
  A hound (D:5)
  A gnoll bouda (D:5)
  A jelly (D:5)
  Crazy Yiuf (D:5)
  Jessica (D:2)
  An orc wizard (D:4)
  4 gnolls (D:5)
  9 adders
  2 shadow imps (D:5)
  2 white imps
  A worm (D:3)
  4 dart slugs
  9 orcs
  4 endoplasms
  3 giant cockroaches
  11 goblins
  8 hobgoblins
  6 jackals (D:1)
  8 kobolds
  4 quokkas
  8 ball pythons
  4 bats
  5 frilled lizards
  6 rats
105 creatures vanquished.

Notes
Turn   | Place    | Note
-------+----------+-------------------------------------------
     0 | D:1      | Ivernyr the Formicid Fighter began the quest for the Orb.
     0 | D:1      | Reached XP level 1. HP: 18/18 MP: 1/1
   195 | D:1      | Reached XP level 2. HP: 10/24 MP: 2/2
   432 | D:1      | Reached XP level 3. HP: 15/29 MP: 3/3
  1164 | D:2      | Noticed Jessica
  1168 | D:2      | Killed Jessica
  1169 | D:2      | Reached XP level 4. HP: 29/37 MP: 4/4
  1742 | D:3      | Reached XP level 5. HP: 23/42 MP: 5/5
  1837 | D:3      | Found a shimmering altar of Xom.
  2747 | D:4      | Found an ornate altar of the Wu Jian Council.
  2747 | D:4      | Found a glowing golden altar of the Shining One.
  2748 | D:4      | Found a hazy altar of Hepliaklqana.
  2748 | D:4      | Found a hide-covered altar of Uskayaw.
  2753 | D:4      | Became a worshipper of the Wu Jian Council
  2764 | D:4      | Reached skill level 5 in Shields
  2815 | D:4      | Found an ancient bone altar of Kikubaaqudgha.
  2860 | D:4      | Identified the +6 spear of Extermination {flame, Int+2
                  | Stlth+}
  2977 | D:4      | Found a broken altar of Ashenzari.
  3045 | D:4      | Reached XP level 6. HP: 48/48 MP: 6/6
  3567 | D:5      | Entered Level 5 of the Dungeon
  3890 | D:5      | You fall into a shaft and drop 1 floor!
  4057 | D:5      | Reached XP level 7. HP: 45/55 MP: 7/7
  4285 | D:5      | Reached * piety under Wu Jian
  4480 | D:5      | Found a runed translucent door.
  4481 | D:5      | Noticed Crazy Yiuf
  4492 | D:5      | Killed Crazy Yiuf
  4492 | D:5      | Succumbed to Crazy Yiuf's poison

Illustrated notes

Levels and vault maps discovered:
D:1:      nicolae_arrival_somewhat_less_tricky_arrival, layout_basic
D:2:      layout_loops_ring, nicolae_twisty_statue_hallways, uniq_jessica
D:3:      minmay_chambers_of_threes, layout_basic,
          mainiacjoe_overflow_boulevard, chequers_decorated_corner
D:4:      layout_basic, nicolae_ashenzari_panopticon,
          mainiacjoe_overflow_chevrons, grunt_temple_overflow_open,
          serial_glass, glass_columns_a, glass_columns_c, glass_columns_a,
          glass_columns_a, glass_columns_b, glass_columns_c, glass_columns_a,
          glass_columns_c, glass_columns_a, glass_columns_a,
          hangedman_decor_peaks_small, kennysheep_generic_room_8
D:5:      layout_loops_ring, uniq_crazy_yiuf_cottage
D:6:      cheibrodos_fertilizer, layout_gridville, grunt_ministairs_8,
          uniq_menkaure

Skill      XL: |  1  2  3  4  5  6 |
---------------+-------------------+-----
Staves         | 3 4 |  4.8
Fighting       | 4 |  4.8
Armour         | 4 |  4.7
Shields        | 5 |  5.6

Action                     |  1- 3 |  4- 6 |  7- 9 || total
---------------------------+-------+-------+-------++-------
  Melee: Quarterstaff      |    81 |   238 |    42 ||   361
Ability: Lunge             |       |     5 |     4 ||     9
         Shaft Self        |       |     1 |       ||     1
    Use: Potion            |       |     4 |       ||     4
         Scroll            |       |     7 |       ||     7
 Armour: Scale mail        |    80 |   146 |    22 ||   248
  Dodge: Dodged            |    62 |    78 |    11 ||   151
  Block: Buckler           |    32 |    38 |     5 ||    75

Table legend: (Time is in decaauts)
 A = Elapsed time spent in this place.
 B = Non-inter-level travel time spent in this place.
 C = Inter-level travel time spent in this place.
 D = Time resting spent in this place.
 E = Time spent auto-exploring this place.
 F = Levels seen in this place.
 G = Mean time per level.
                   A        B        C        D        E       F      G
               +--------+--------+--------+--------+--------+-----+--------+
         Total |   4545 |   4467 |     78 |    377 |   3205 |   6 |  757.5 |
       Dungeon |   4545 |   4467 |     78 |    377 |   3205 |   6 |  757.5 |
               +--------+--------+--------+--------+--------+-----+--------+

Top non-repeatable levels by time:
     D:3: 1148 daAuts
     D:1: 886 daAuts
     D:4: 828 daAuts
     D:5: 781 daAuts
     D:2: 750 daAuts
     D:6: 151 daAuts
